 Dungeon Crawl Stone Soup version 0.18-b1-22-ge198996 (webtiles) character file.

2503 Hsing the Ducker (level 9, -8/88 HPs)
             Began as a Troll Berserker on May 3, 2016.
             Was an Elder of Trog.
             Mangled by an orc warrior
             ... wielding a +0 trident
              (16 damage)
             ... on level 7 of the Dungeon.
             The game lasted 00:21:46 (5227 turns).

Hsing the Ducker (Troll Berserker)                  Turns: 5227, Time: 00:21:46

Health: -8/88      AC:  7    Str: 28      XL:     9   Next: 28%
Magic:  8/8        EV: 11    Int:  5      God:    Trog [****..]
Gold:   480        SH:  0    Dex:  5 (9)  Spells: 0 memorised, 8 levels left

rFire  . . .     SeeInvis .     t - +3 spear (flame)
rCold  . . .     Gourm    +     u - +0 robe
rNeg   . . .     Faith    .     (no shield)
rPois  .         Spirit   .     (helmet restricted)
rElec  .         Dismiss  .     d - +1 cloak
rCorr  .         Reflect  .     (gloves unavailable)
SustAt .         Harm     .     (boots unavailable)
MR     .....                    (no amulet)
Stlth  +.........               (no ring)
                                (no ring)

@: not resistant to hostile enchantments, very unstealthy
A: unfitting armour, claws 3, fast metabolism 3, gourmand, regeneration 2,
shaggy fur 1, tough skin 2
a: Berserk, Trog's Hand, Brothers in Arms, Burn Spellbooks, Renounce Religion


You were on level 7 of the Dungeon.
You worshipped Trog.
Trog was greatly pleased with you.
You were full.

You visited 1 branch of the dungeon, and saw 7 of its levels.
You also visited: Ossuary.

You collected 480 gold pieces.

Inventory:

Hand Weapons
 t - a +3 spear of flaming (weapon)
Armour
 d - a +1 cloak (worn)
 u - a +0 robe (worn)
Wands
 l - a wand of enslavement (7/24)
 y - a wand of iceblast (13/15)
Scrolls
 k - 2 scrolls of identify
 m - 6 scrolls of teleportation
 o - 4 scrolls of remove curse
 w - 2 scrolls of magic mapping
Potions
 a - a potion of cancellation
 b - 3 potions of haste
 e - a potion of cure mutation
 f - a potion of degeneration {unknown}
 g - 5 potions of curing {unknown}
 h - a potion of lignification {unknown}
 i - a potion of ambrosia {unknown}
 n - 3 potions of resistance {unknown}
 p - 2 potions of agility {unknown}
 s - 2 potions of berserk rage
 v - 2 potions of invisibility {unknown}
 x - 2 potions of heal wounds {unknown}
Comestibles
 c - 8 bread rations
 j - 2 fruits
 q - 2 slices of pizza


   Skills:
 + Level 5.6 Fighting
   Level 4.1 Maces & Flails
 - Level 3.7 Polearms
 + Level 7.9 Dodging
 + Level 1.5 Stealth


You had 8 spell levels left.
You didn't know any spells.

Dungeon Overview and Level Annotations

Branches:
Dungeon (7/15)             Temple (0/1) D:6

Altars:
Ashenzari
Gozag
Nemelex Xobeh
Pakellas
Qazlal
Sif Muna
Trog
Xom


Innate Abilities, Weirdness & Mutations

You are too large for most types of armour.
You have claws for hands.
Your metabolism is lightning-fast.
You like to eat raw meat.
You heal very quickly.
You are covered in fur (AC +1).
You have very tough skin (AC +2).


Message History

Things that are here:
a hand axe; 3 tomahawks of returning; a hippogriff corpse You barely miss the orc warrior.
The orc hits you with a hand axe!
You closely miss the orc warrior.
The orc warrior hits you with a trident!
* * * LOW HITPOINT WARNING * * *
The orc barely misses you.
You completely miss the orc warrior.
The orc warrior hits you with a trident!
* * * LOW HITPOINT WARNING * * *
The orc completely misses you.
You hit the orc warrior but do no damage.
The orc warrior hits you with a trident.
* * * LOW HITPOINT WARNING * * *
The orc barely misses you.
You hit the orc warrior but do no damage.
The orc warrior barely misses you.
You closely miss the orc warrior. The orc barely misses you.
The orc warrior hits you with a trident!
You die...

##)...###.............
#.................)...
#..................... #
#......................#
#.........####...#.....#
#.........####...# ...#
##...............# .....
.#.............###......
.#..............@o......
.#............._o.....##
.#...####....#........#
....... #...............
.#...#. #.....(.........
.#...# #...............
.......####.............
.......# ..##........#.
.......#.


You could see an orc warrior and an orc.

Vanquished Creatures
  A gargoyle (D:6)
  A hippogriff (D:7)
  The ghost of vernon the Magician, an amateur VSWn (D:7)
  3 centaurs
  The ghost of murphy the Chucker, an amateur DgAM (D:6)
  6 elf zombies (Ossuary)
  2 giant frogs
  A scorpion (D:6)
  6 centaur zombies
  A crimson imp (D:5)
  A quasit (D:7)
  3 hounds
  A jelly (D:5)
  A human zombie (Ossuary)
  A giant frog skeleton (D:7)
  2 iguanas (D:6)
  5 orc wizards
  Jessica (D:3)
  2 worker ants (D:4)
  2 hell rats (D:6)
  3 mummies (Ossuary)
  6 gnolls (D:2)
  5 river rats (D:6)
  6 adders
  An ooze (D:6)
  2 adder zombies
  2 worms
  2 dart slugs
  3 giant geckos
  9 orcs
  4 ball pythons
  4 bats
  5 giant cockroaches
  10 goblins
  7 hobgoblins
  2 jackals (D:3)
  3 quokkas
  A giant cockroach zombie (D:5)
  3 giant gecko skeletons
  A giant gecko zombie (D:5)
  4 giant newts
  11 kobolds
  37 rats
173 creatures vanquished.

Vanquished Creatures (others)
  An orc wizard (D:5)
1 creature vanquished.

Grand Total: 174 creatures vanquished

Notes
Turn   | Place    | Note
--------------------------------------------------------------
     0 | D:1      | Hsing the Troll Berserker began the quest for the Orb.
     0 | D:1      | Reached XP level 1. HP: 22/22 MP: 0/0
   226 | D:1      | Reached XP level 2. HP: 29/29 MP: 1/1
   492 | D:1      | Reached ** piety under Trog
   608 | D:1      | Reached XP level 3. HP: 34/36 MP: 2/2
   985 | D:2      | Reached skill level 3 in Dodging
   996 | D:2      | Reached XP level 4. HP: 44/44 MP: 3/3
  1389 | D:2      | Found a bloodstained altar of Trog.
  1491 | D:3      | Reached XP level 5. HP: 53/53 MP: 4/4
  1696 | D:3      | Found an oddly glowing altar of Pakellas.
  1727 | D:3      | Reached *** piety under Trog
  1900 | D:3      | Noticed Jessica
  1911 | D:3      | Killed Jessica
  1911 | D:3      | Reached skill level 4 in Dodging
  1911 | D:3      | Reached XP level 6. HP: 51/61 MP: 5/5
  2898 | D:5      | Entered Level 5 of the Dungeon
  2975 | D:5      | Found a stormy altar of Qazlal.
  3000 | D:5      | Found a sand-covered staircase.
  3005 | Ossuary  | Entered an ossuary
  3060 | Ossuary  | Reached skill level 1 in Polearms
  3060 | Ossuary  | Reached XP level 7. HP: 48/67 MP: 6/6
  3074 | Ossuary  | Reached skill level 5 in Dodging
  3165 | Ossuary  | Reached skill level 1 in Stealth
  3289 | Ossuary  | Reached XP level 8. HP: 52/79 MP: 7/7
  3536 | D:5      | Reached skill level 6 in Dodging
  3733 | D:5      | Reached **** piety under Trog
  4054 | D:6      | Noticed murphy's ghost (amateur DgAM)
  4060 | D:6      | Killed murphy's ghost
  4190 | D:6      | Found a shimmering altar of Xom.
  4409 | D:6      | Found a staircase to the Ecumenical Temple.
  4412 | D:6      | Found a shattered altar of Ashenzari.
  4426 | D:6      | Reached skill level 7 in Dodging
  4510 | D:6      | Noticed a gargoyle
  4531 | D:6      | Killed a gargoyle
  4531 | D:6      | Reached skill level 5 in Fighting
  4696 | D:6      | Reached XP level 9. HP: 28/88 MP: 8/8
  4967 | D:6      | Found a deep blue altar of Sif Muna.
  5100 | D:7      | Noticed vernon's ghost (amateur VSWn)
  5112 | D:7      | Killed vernon's ghost
  5156 | D:7      | Found an opulent altar of Gozag.
  5199 | D:7      | Found a sparkling altar of Nemelex Xobeh.
  5227 | D:7      | Mangled by an orc warrior

Skill      XL: |  1  2  3  4  5  6  7  8 |
---------------+-------------------------+-----
Maces & Flails | 3 4 |  4.1
Dodging        | 3 4 5 7 |  7.9
Fighting       | 3 4 5 |  5.6
Polearms       | 1 2 3 |  3.7
Stealth        | 1 |  1.5

Action                   |  1- 3 |  4- 6 |  7- 9 || total
-------------------------+-------+-------+-------++-------
Melee: Mace              |    99 |   120 |       ||   219
       Spear             |       |   135 |   425 ||   560
Invok: Berserk           |       |     1 |     3 ||     4
Evoke: Wand              |       |       |     1 ||     1
  Use: Scroll            |     2 |     7 |     5 ||    14
       Potion            |       |       |     1 ||     1
 Stab: Sleeping          |     1 |     4 |       ||     5
  Eat: Chunk             |    13 |     9 |    22 ||    44
       Pizza             |       |     1 |       ||     1
       Bread ration      |       |     1 |       ||     1
       Royal jelly       |       |     1 |       ||     1
       Meat ration       |       |       |     1 ||     1
Armor: Animal skin       |    44 |    73 |       ||   117
       Robe              |       |    37 |   143 ||   180
Dodge: Dodged            |    67 |   155 |   212 ||   434
